 Dungeon Crawl Stone Soup version 0.19-a0-1051-gdb7e7f8 (webtiles) character file.

40420 lorenzova the Unseen (level 13, -4/55 HPs)
             Began as a Spriggan Enchanter on Aug 1, 2016.
             Was a High Priest of Dithmenos.
             Slain by a harpy (10 damage)
             ... on level 6 of the Lair of Beasts.
             The game lasted 00:59:15 (22296 turns).

lorenzova the Unseen (Spriggan Enchanter)          Turns: 22296, Time: 00:59:15

Health: -4/55      AC: 19    Str:  2    XL:     13   Next: 74%
Magic:  14/28      EV: 33    Int: 23    God:    Dithmenos [*****.]
Gold:   1973       SH:  0    Dex: 25    Spells: 6 memorised, 17 levels left

rFire  + . .     SeeInvis +     T - +2 dagger (protect)
rCold  x . .     Gourm    .     E - +2 robe
rNeg   + . .     Faith    .     (shield restricted)
rPois  +         Spirit   .     (helmet restricted)
rElec  .         Dismiss  .     H - +4 cloak of Distant Shores {rF+ rC- rN+}
rCorr  .         Reflect  .     (gloves unavailable)
SustAt .         Harm     .     (boots unavailable)
MR     ++...                    V - amulet of Ovenay {+Blink +Inv Regen+ Str-3 Dex+6}
Stlth  ++++++++++               w - ring of poison resistance
                                j - +5 ring of protection

@: brilliant, flying, mesmerised, very slightly contaminated, wreathed by umbra,
invisible, very quick, very resistant to hostile enchantments, uncannily
stealthy
A: unfitting armour, see invisible, herbivore 3, speed 3, slow metabolism 2
a: Shadow Step, Shadow Form, Renounce Religion, Evoke Blink, Turn Visible


You were on level 6 of the Lair of Beasts.
You worshipped Dithmenos.
Dithmenos was extremely pleased with you.
You were not hungry.

You visited 3 branches of the dungeon, and saw 20 of its levels.
You also visited: Labyrinth, Ice Cave and Volcano.

You collected 1973 gold pieces.

Inventory:

Hand Weapons
 T - a +2 dagger of protection (weapon)
Armour
 y - a +1 cloak of magic resistance
 C - a +0 cloak
 E - a +2 robe (worn)
 H - the +4 cloak of Distant Shores (worn) {rF+ rC- rN+}
   (You found it on level 2 of the Lair of Beasts)

   It protects you from fire.
   It makes you vulnerable to cold.
   It protects you from negative energy.
 I - a +1 robe of fire resistance
Jewellery
 a - an uncursed amulet of faith
 j - a +5 ring of protection (left hand)
 w - a ring of poison resistance (right hand)
 A - an uncursed ring of protection from cold {unknown}
 N - an uncursed ring of protection from magic {unknown}
 V - the amulet of Ovenay (around neck) {+Blink +Inv Regen+ Str-3 Dex+6}
   (You found it in an ice cave)

   [amulet of regeneration]

   It affects your strength (-3).
   It affects your dexterity (+6).
   It lets you turn invisible.
   It lets you blink.
   It increases your rate of regeneration.
Wands
 g - a wand of slowing (22/48)
 x - a wand of slowing (23/48)
 B - a wand of confusion (38/48)
 F - a wand of hasting (1/9)
 L - a wand of paralysis (14/24)
 M - a wand of flame (17/48)
 O - a wand of digging (4/24)
Scrolls
 b - a scroll of fear
 e - a scroll of enchant armour
 h - 5 scrolls of recharging
 k - 2 scrolls of holy word
 n - 6 scrolls of amnesia
 o - 12 scrolls of teleportation
 u - a scroll of blinking
 v - 2 scrolls of fog
 z - a scroll of enchant weapon
 J - 2 scrolls of identify
 K - a scroll of summoning {unknown}
 R - 2 scrolls of remove curse
Potions
 f - 9 potions of curing
 i - 4 potions of berserk rage
 l - 3 potions of heal wounds
 m - 3 potions of flight
 p - 6 potions of agility
 q - 3 potions of brilliance
 r - 3 potions of ambrosia {unknown}
 s - 3 potions of lignification
 t - 5 potions of might
 G - a potion of magic
 Q - a potion of mutation
Books
 c - the Volume of Creative Changing
   (You found it in a labyrinth)

   Spells                             Type                      Level
   a - Summon Small Mammal            Summoning                    1
   b - Call Imp                       Summoning                    2
   c - Passwall                       Transmutation/Earth          2
   d - Irradiate                      Conjuration/Transmutation    5
   e - Summon Demon                   Summoning                    5
   f - Alistair's Intoxication        Transmutation/Poison         5
 P - a book of Clouds

   Spells                             Type                      Level
   a - Mephitic Cloud                 Conjuration/Poison/Air       3
   b - Conjure Flame                  Conjuration/Fire             3
   c - Poisonous Cloud                Conjuration/Poison/Air       6
   d - Freezing Cloud                 Conjuration/Ice/Air          6
   e - Ring of Flames                 Charms/Fire                  7
Comestibles
 d - 7 bread rations
 D - 9 fruits
 S - 9 slices of pizza


   Skills:
 - Level 12.0 Short Blades
 + Level 13.3 Dodging
 + Level 16.3 Stealth
 * Level 10.5 Spellcasting
 * Level 1.1 Conjurations
 * Level 10.2 Hexes
 - Level 3.0 Necromancy
 * Level 1.5 Air Magic
 * Level 1.3 Poison Magic
 - Level 7.1 Invocations
 - Level 9.1 Evocations


You had 17 spell levels left.
You knew the following spells:

 Your Spells              Type           Power        Failure   Level  Hunger
a - Corona                Hex            ######.      1%          1    None
b - Ensorcelled Hibernat  Hex/Ice        #####.       1%          2    None
c - Confuse               Hex            ######..     1%          3    None
d - Cause Fear            Hex            ######....   1%          4    #......
e - Regeneration          Chrm/Necr      ####......   1%          3    None
f - Mephitic Cloud        Conj/Pois/Air  ####....     1%          3    None


Dungeon Overview and Level Annotations

Branches:
Dungeon (13/15)            Temple (1/1) D:4            Lair (6/6) D:9
 Shoals (0/4) Lair:2       Spider (0/4) Lair:3        Slime (0/5) Lair:5
    Orc (0/2) D:12
 Vaults: D:13-14

Altars:
Ashenzari
Cheibriados
Dithmenos
Elyvilon
Fedhas
Gozag
Hepliaklqana
Kikubaaqudgha
Makhleb
Nemelex Xobeh
Okawaru
Pakellas
Qazlal
Ru
Sif Muna
Trog
Uskayaw
Vehumet
Xom
Yredelemnul
Zin
The Shining One
Jiyva

Shops:
D:7 =   D:8 }

Portals:
Trove: D:12 (give +7 demon whip)

Annotations:
D:11 exclusion: ice statue
Lair:3 Gastronok


Innate Abilities, Weirdness & Mutations

You are tiny and cannot use many weapons and most armour.
You have supernaturally acute eyesight. (SInv)
You are a herbivore.
You cover ground extremely quickly.
You need consume almost no food.


Message History

You hit the eight-headed hydra.
The eight-headed hydra is severely wounded.
The merfolk avatar chants its luring song.
You hit the eight-headed hydra.
The eight-headed hydra is severely wounded.
The eight-headed hydra bites you but does no damage.
The eight-headed hydra closely misses you.
The eight-headed hydra completely misses you. x4
The eight-headed hydra bites you!
* * * LOW HITPOINT WARNING * * *
The eight-headed hydra completely misses you.
The griffon bites the plant!
The griffon pecks the plant.
The griffon claws the plant but does no damage.
You are too injured to fight recklessly!
You strike the helpless eight-headed hydra from behind!
You spit the eight-headed hydra like a pig!!!
You kill the eight-headed hydra!
Dithmenos accepts your kill. The harpy completely misses you.
The harpy claws you!
You die...

..........%..........
.......†.............
≈..≈.≈≈..†≈.≈≈P.≈≈.l.
≈≈≈#≈≈≈≈≈≈≈#≈≈#≈≈≈#≈.
≈≈##≈≈##≈≈#≈≈≈≈#≈≈##.
≈≈≈P≈P≈≈≈≈≈≈≈P≈≈≈≈
≈##≈≈≈≈≈≈≈≈≈≈##≈P
#≈≈≈≈≈≈≈≈P≈≈≈#
#≈P≈≈≈#@≈≈≈≈≈#
#8≈≈≈≈H≈P≈≈≈8#
######.#H##### ≈≈≈F≈
≈P≈≈#m≈ ≈≈≈P H≈≈
≈≈≈$$ ≈P≈≈ S≈#≈(≈
≈≈≈≈#


You could see a merfolk avatar, 2 griffons, a spiny frog, a harpy and a water
moccasin (wandering).

Vanquished Creatures
  Snorg (D:13)
  A minotaur (Lab)
  A fire dragon (Lair:2)
  A hydra (Lair:6)
  2 ice dragons (IceCv)
  2 centaur warriors
  A catoblepas (Lair:4)
  Urug (Lair:5)
  7 death yaks
  The ghost of HAL9000 the Carver, a novice MiFi of Ru (D:7)
  The ghost of HAL9000 the Carver, a novice MiFi (D:6)
  An unseen horror (D:10)
  A lindwurm (Lair:3)
  A deep elf mage (Volcano)
  3 hill giants
  An ugly thing (D:11)
  2 griffons
  A manticore (D:11)
  A black mamba (Lair:3)
  An elephant (Lair:6)
  7 spiny frogs
  4 gargoyles (Lab)
  2 rime drakes (IceCv)
  4 komodo dragons
  A troll (D:12)
  A polar bear (Lair:4)
  A two-headed ogre (Volcano)
  3 slime creatures (D:13)
  4 blink frogs (Lair:2)
  A snapping turtle (Lair:2)
  18 yaks
  A redback (Lair:3)
  A spriggan (D:12)
  4 wyverns
  Sigmund (D:3)
  A vampire (D:12)
  A fire bat (Volcano)
  A hog (Volcano)
  4 hippogriffs
  A steam dragon (Lair:4)
  A hungry ghost (D:10)
  2 wargs (D:9)
  A mottled dragon (D:13)
  6 water moccasins
  15 ice beasts
  Duvessa (D:7)
  11 porcupines
  9 orc warriors
  A wasp (Lair:6)
  3 phantoms
  3 sky beasts
  6 ogres
  A wolf (Lair:1)
  A necrophage (D:8)
  5 centaurs
  10 crocodiles
  5 big kobolds
  16 giant frogs
  A gnoll sergeant (D:12)
  Dowan (D:7)
  3 scorpions
  A wyvern skeleton (D:10)
  6 howler monkeys
  14 killer bees
  9 crimson imps
  2 centaur zombies
  6 orc priests
  A centaur skeleton (D:11)
  8 orc wizards
  2 giant frog skeletons
  7 hounds
  6 iguanas
  Natasha (thrice) (D:3)
  6 worker ants
  9 sheep
  A hound zombie (D:11)
  A hound skeleton (D:5)
  13 gnolls
  A howler monkey skeleton (D:7)
  13 adders
  38 river rats
  3 shadow imps
  12 white imps (Lair:2)
  An adder zombie (D:9)
  An adder skeleton (D:5)
  2 worms
  5 dart slugs
  5 giant geckos
  50 orcs
  3 ball pythons
  9 bats
  6 giant cockroaches
  8 goblins
  8 hobgoblins
  12 jackals
  22 kobolds
  6 quokkas
  8 giant newts
  A jackal skeleton (D:5)
  A quokka skeleton (D:5)
  A quokka zombie (D:7)
  8 rats
513 creatures vanquished.

Vanquished Creatures (others)
  A hog (Volcano)
  2 fungi
  A plant (Lair:6)
4 creatures vanquished.

Grand Total: 517 creatures vanquished

Notes
Turn   | Place    | Note
-------+----------+-------------------------------------------
     0 | D:1      | lorenzova the Spriggan Enchanter began the quest for the Orb.
     0 | D:1      | Reached XP level 1. HP: 9/9 MP: 5/5
   482 | D:1      | Reached XP level 2. HP: 12/13 MP: 5/7
   697 | D:1      | Learned a level 2 spell: Ensorcelled Hibernation
  1214 | D:1      | Reached XP level 3. HP: 16/16 MP: 3/9
  1219 | D:1      | Learned a level 3 spell: Confuse
  1464 | D:2      | Reached skill level 5 in Stealth
  1782 | D:2      | Reached XP level 4. HP: 18/21 MP: 6/11
  2474 | D:2      | Found a faded altar of an unknown god.
  2984 | D:3      | Noticed Sigmund
  2986 | D:3      | Noticed a centaur
  3201 | D:3      | Reached skill level 5 in Hexes
  3208 | D:3      | Found a glowing drain.
  3295 | D:3      | Reached XP level 5. HP: 24/24 MP: 13/13
  3389 | D:3      | Killed a centaur
  3389 | D:3      | Reached skill level 5 in Spellcasting
  3508 | D:3      | Reached skill level 6 in Stealth
  3745 | D:3      | Reached XP level 6. HP: 18/28 MP: 9/15
  3911 | D:3      | Noticed Natasha
  3918 | D:3      | Killed Natasha
  4190 | D:3      | Noticed Natasha
  4195 | D:3      | Killed Natasha
  4226 | D:3      | Noticed Natasha
  4235 | D:3      | Killed Natasha
  4461 | D:3      | Killed Sigmund
  4461 | D:3      | Reached XP level 7. HP: 32/32 MP: 10/17
  4537 | D:4      | Found a staircase to the Ecumenical Temple.
  4543 | D:4      | Reached skill level 7 in Stealth
  4560 | Temple   | Entered the Ecumenical Temple
  4711 | Temple   | Became a worshipper of Dithmenos the Shadowed
  5431 | D:5      | Entered Level 5 of the Dungeon
  5458 | D:5      | HP: 1/32 [orc/trident (3)]
  5807 | D:5      | Reached XP level 8. HP: 35/36 MP: 13/20
  6536 | D:5      | Found a blossoming altar of Fedhas.
  6794 | D:5      | Reached skill level 8 in Stealth
  6849 | D:6      | Reached * piety under Dithmenos
  6954 | D:6      | Noticed HAL9000's ghost (novice MiFi)
  7018 | D:6      | Killed HAL9000's ghost
  7018 | D:6      | Reached skill level 9 in Stealth
  7283 | D:6      | Reached XP level 9. HP: 39/39 MP: 23/23
  8050 | D:7      | Noticed Duvessa
  8054 | D:7      | Noticed Dowan
  8061 | D:7      | Killed Duvessa
  8091 | D:7      | Killed Dowan
  8137 | D:7      | Noticed HAL9000's ghost (novice MiFi)
  8181 | D:7      | Killed HAL9000's ghost
  8181 | D:7      | Reached skill level 5 in Short Blades
  8181 | D:7      | Reached skill level 5 in Dodging
  8181 | D:7      | Reached skill level 10 in Stealth
  8230 | D:7      | Found Fanumom's Jewellery Shoppe.
  8316 | D:7      | Found a white marble altar of Elyvilon.
  8322 | D:7      | Found a radiant altar of Vehumet.
  8619 | D:8      | Found Piotsati's Gadget Shop.
  8832 | D:8      | Reached ** piety under Dithmenos
  8916 | D:8      | Reached skill level 11 in Stealth
  8986 | D:8      | Reached XP level 10. HP: 44/44 MP: 19/24
  9768 | D:9      | Found a staircase to the Lair.
  9811 | D:9      | Reached skill level 12 in Stealth
  9876 | D:9      | Reached *** piety under Dithmenos
  9952 | D:9      | Noticed a centaur warrior
  9996 | D:9      | Killed a centaur warrior
 10073 | D:10     | Entered Level 10 of the Dungeon
 10435 | D:10     | Noticed a hill giant
 10442 | D:10     | Killed a hill giant
 10451 | D:10     | Noticed a hill giant
 10504 | D:10     | Killed a hill giant
 10704 | D:10     | Noticed an unseen horror
 10726 | D:10     | Reached skill level 13 in Stealth
 10731 | D:10     | Killed an unseen horror
 10731 | D:10     | Reached XP level 11. HP: 45/47 MP: 20/25
 11528 | D:11     | Noticed a purple ugly thing
 11535 | D:11     | Killed a purple ugly thing
 11535 | D:11     | Reached skill level 10 in Short Blades
 11798 | D:11     | Reached **** piety under Dithmenos
 11910 | D:11     | Reached skill level 10 in Dodging
 12881 | D:12     | Found a portal to a secret trove of treasure.
 13023 | D:12     | Noticed a centaur warrior
 13038 | D:12     | Killed a centaur warrior
 13038 | D:12     | Reached skill level 14 in Stealth
 13406 | D:12     | Found a staircase to the Orcish Mines.
 13449 | D:12     | Reached ***** piety under Dithmenos
 13839 | D:13     | Noticed Snorg
 13846 | D:13     | Killed Snorg
 13852 | D:13     | Noticed a catoblepas
 14057 | D:13     | Noticed a hill giant
 14061 | D:13     | Killed a hill giant
 14240 | D:13     | Found a glowing silver altar of Zin.
 14241 | D:13     | Noticed a hill giant
 14371 | Lair:1   | Entered Level 1 of the Lair of Beasts
 14378 | Lair:1   | Reached skill level 1 in Evocations
 14378 | Lair:1   | Reached XP level 12. HP: 51/51 MP: 26/26
 14473 | Lair:1   | Reached skill level 1 in Invocations
 15567 | Lair:2   | Noticed a death yak
 15568 | Lair:2   | Noticed a death yak
 15570 | Lair:2   | Noticed a death yak
 15574 | Lair:2   | Killed a death yak
 15574 | Lair:2   | Reached skill level 15 in Stealth
 15576 | Lair:2   | Killed a death yak
 15579 | Lair:2   | Killed a death yak
 15589 | Lair:2   | Found a staircase to the Shoals.
 15594 | Lair:2   | Reached skill level 5 in Evocations
 15933 | Lair:2   | Got a spiked cloak
 15948 | Lair:2   | Found a frozen archway.
 16179 | Lair:1   | Identified the +4 cloak of Distant Shores {rF+ rC- rN+} (You found it on level 2 of the Lair of Beasts)
 16416 | IceCv    | Entered an ice cave
 16622 | IceCv    | Reached skill level 5 in Invocations
 17234 | IceCv    | Noticed an ice dragon
 17235 | IceCv    | Noticed an ice dragon
 17240 | IceCv    | Killed an ice dragon
 17243 | IceCv    | Killed an ice dragon
 17251 | IceCv    | Got a crude bone amulet
 17312 | IceCv    | Identified the amulet "Hinixton" {+Rage rPois Str-2 Int+4 Dex+8} (You found it in an ice cave)
 17322 | IceCv    | Got a shimmering bone amulet
 17326 | IceCv    | Identified the amulet of Ovenay {+Blink +Inv Regen+ Str-3 Dex+6} (You found it in an ice cave)
 18053 | Lair:2   | Noticed a fire dragon
 18254 | Lair:2   | Killed a fire dragon
 18500 | Lair:1   | Learned a level 4 spell: Cause Fear
 18504 | Lair:1   | Learned a level 3 spell: Regeneration
 18612 | Lair:3   | Found a dark tunnel.
 18655 | Lair:3   | Reached XP level 13. HP: 55/55 MP: 27/27
 18692 | Volcano  | Entered a volcano
 19025 | Volcano  | Reached ****** piety under Dithmenos
 19220 | Lair:3   | Found a hole to the Spider Nest.
 19351 | Lair:3   | Noticed Gastronok
 20168 | Lair:4   | Found a labyrinth entrance.
 20258 | Lab      | Entered a labyrinth
 20485 | Lab      | Noticed a minotaur
 20501 | Lab      | Killed a minotaur
 20501 | Lab      | Reached skill level 16 in Stealth
 20504 | Lab      | Identified the Volume of Creative Changing
 20849 | Lair:4   | Reached skill level 1 in Necromancy
 21370 | Lair:5   | Reached skill level 10 in Spellcasting
 21424 | Lair:5   | Noticed Urug
 21440 | Lair:5   | Killed Urug
 21474 | Lair:4   | Reached skill level 10 in Hexes
 21721 | Lair:5   | Found a staircase to the Slime Pits.
 21721 | Lair:5   | Found a viscous altar of Jiyva.
 22209 | Lair:5   | Learned a level 3 spell: Mephitic Cloud
 22216 | Lair:6   | Entered Level 6 of the Lair of Beasts
 22225 | Lair:6   | Reached skill level 1 in Poison Magic
 22233 | Lair:6   | Reached skill level 1 in Air Magic
 22272 | Lair:6   | Reached skill level 1 in Conjurations
 22296 | Lair:6   | Slain by a harpy

Vault maps used:
D:1:      dpeg_arrival_rooms_a
D:2:      ecumenical_altar_2, minivault_26, minmay_tetromino_s2
D:3:      kennysheep_six_static_rooms, gup_sewer_entry_bowl, uniq_natasha,
          uniq_sigmund
D:4:      first_bread
D:5:      basic_altar
D:7:      amethyst_overflow_temple_binary, serial_shops,
          nicolae_shop_window_shopping, uniq_duvessa
D:8:      serial_shops, shop_coins
D:9:      erik_lair_orcish_takeover
D:11:     minmay_statue_hallways
D:12:     kennysheep_orc_monster_closet_entryway, enter_trove_0, grunt_pizzeria
D:13:     minmay_ruined_shrine, uniq_snorg, uniq_rupert
Temple:   regret_index_temple_chain_breaker
Lair:1:   beast_lair_carwin_1, serial_bayou_shore_b
Lair:2:   dragon1_lemuel, minmay_shoals_entry_hut, portal_ice_cave_entry_imps,
          minmay_holes
Lair:3:   spider_nest_entry_webs, nicolae_volcano_entry_vermiform,
          serial_bayou_shore_b, uniq_gastronok
Lair:4:   lab_entry_generic, nicolae_lair_yak_garden
Lair:5:   slime_altar_1, uniq_urug
Lair:6:   gammafunk_lair_ancient_temple, eino_house_with_fridge
Lab:      labyrinth_watery, nicolae_lab_hexagon, nicolae_lab_x, lab_fountain,
          labyrinth_skeletal_remains, lab_block
IceCv:    ice_cave_small_dragons
Volcano:  volcano_village

Skill      XL: |  1  2  3  4  5  6  7  8  9 10 11 12 13 |
---------------+----------------------------------------+-----
Spellcasting   | 3 4 5 6 7 9 10 | 10.5
Hexes          | 4 5 6 7 9 10 | 10.2
Stealth        | 5 6 7 9 11 13 14 15 16 | 16.3
Short Blades   | 6 9 12 | 12.0
Dodging        | 6 9 11 12 13 | 13.3
Evocations     | 1 8 9 |  9.1
Invocations    | 6 7 |  7.1
Necromancy     | 3 |  3.0
Poison Magic   | 1 |  1.3
Air Magic      | 1 |  1.5
Conjurations   | 1 |  1.1

Action                   |  1- 3 |  4- 6 |  7- 9 | 10-12 | 13-15 || total
-------------------------+-------+-------+-------+-------+-------++-------
Melee: Dagger            |   148 |   205 |   385 |   911 |   404 ||  2053
 Cast: Corona            |     3 |       |       |       |       ||     3
       Ensorcelled Hiber |    18 |    20 |    28 |    69 |    46 ||   181
       Confuse           |       |    13 |    43 |   127 |    53 ||   236
       Cause Fear        |       |       |       |       |     2 ||     2
 Abil: Evoke Invisibilit |       |       |       |       |     4 ||     4
  Use: Scroll            |       |     6 |       |    26 |     2 ||    34
       Potion            |       |       |       |       |     2 ||     2
 Stab: Sleeping          |    19 |    25 |    44 |   122 |    50 ||   260
       Distracted        |     1 |       |     1 |     4 |     1 ||     7
       Confused          |       |     6 |    34 |    77 |    14 ||   131
       Invisible         |       |       |       |       |    18 ||    18
  Eat: Bread ration      |       |     1 |     1 |     1 |       ||     3
       Fruit             |       |       |       |     5 |       ||     5
       Pizza             |       |       |       |     1 |       ||     1
Armor: Robe              |    23 |    27 |    41 |    74 |    28 ||   193
Dodge: Dodged            |   113 |   180 |   258 |   616 |   452 ||  1619
